 Dungeon Crawl Stone Soup version 0.26.1-2-gb8aa6d0cf2 (webtiles) character file.

Game seed: 15555721765491913958

8932 funkygono the Arsonist (level 11, -10/82 HPs)
             Began as a Red Draconian Fire Elementalist on Mar 1, 2021.
             Was an Initiate of Vehumet.
             Mangled by a six-headed hydra (14 damage)
             ... on level 8 of the Dungeon.
             The game lasted 00:39:49 (15434 turns).

funkygono the Arsonist (DrFE)                      Turns: 15434, Time: 00:39:49

Health: -10/82     AC: 17    Str: 10    XL:     11   Next: 16%
Magic:  13/23      EV: 14    Int: 18    God:    Vehumet [......]
Gold:   399        SH:  0    Dex: 13    Spells: 7/27 levels left

rFire    + . .     SeeInvis .   a - +2 whip (drain)
rCold    . . .     Faith    .   (no shield)
rNeg     . . .     Spirit   .   (armour unavailable)
rPois    .         Reflect  .   (helmet restricted)
rElec    .         Harm     .   y - +2 cloak
rCorr    .         Rampage  .   z - +2 pair of gloves
Will     .....                  (no boots)
Stlth    ++........             (no amulet)
HPRegen  0.23/turn              u - ring of wizardry
MPRegen  0.18/turn              w - +4 ring of protection

@: no status effects
A: breathe fire, unfitting armour, fire resistance 1, cold-blooded, AC +7
a: Breathe Fire, Renounce Religion


You were on level 8 of the Dungeon.
You worshipped Vehumet.
Vehumet was noncommittal.
You visited 3 branches of the dungeon, and saw 11 of its levels.
You also visited: Sewer.

You collected 1609 gold pieces.
You spent 1210 gold pieces at shops.

Inventory:

Hand Weapons
 a - a +2 whip of draining (weapon)
Armour
 y - a +2 cloak (worn)
 z - a +2 pair of gloves (worn)
Jewellery
 d - an uncursed ring of willpower
 e - an uncursed ring of protection from cold
 u - a ring of wizardry (left hand)
 w - a +4 ring of protection (right hand)
Wands
 m - a wand of digging (3)
 s - a wand of iceblast (19)
 v - a wand of paralysis (7)
Scrolls
 b - 2 scrolls of fear
 c - 4 scrolls of teleportation
 l - 8 scrolls of remove curse
 t - 2 scrolls of amnesia
 x - a scroll of silence
 A - a scroll of blinking
Potions
 f - 6 potions of curing
 g - a potion of brilliance
 i - a potion of resistance
 j - a potion of magic
 k - a potion of cancellation
 D - a potion of haste {unknown}


   Skills:
 + Level 3.0 Fighting
 + Level 2.5 Maces & Flails
 + Level 4.7 Dodging
 - Level 3.5 Stealth
 * Level 8.5 Spellcasting
 + Level 7.8 Conjurations
 + Level 4.3 Hexes
 + Level 2.3 Summonings
 + Level 2.3 Necromancy
 + Level 2.3 Translocations
 + Level 2.3 Transmutations
 + Level 10.4 Fire Magic
 * Level 2.0 Air Magic
 * Level 2.0 Earth Magic
 + Level 2.3 Poison Magic
 + Level 2.6 Invocations
 + Level 2.3 Evocations


You had 7 spell levels left.
You knew the following spells:

 Your Spells              Type           Power        Failure   Level
a - Foxfire               Conj/Fire      100%         1%          1
b - Inner Flame           Hex/Fire       34%          1%          3
c - Fireball              Conj/Fire      20%          2%          5
d - Bolt of Magma         Conj/Fire/Erth 16%          6%          5
e - Shock                 Conj/Air       100%         1%          1
f - Lightning Bolt        Conj/Air       12%          14%         5

Your spell library contained the following spells:

 Spells                   Type           Power        Failure   Level
 Magic Dart               Conj           100%         1%          1
 Summon Small Mammal      Summ           64%          1%          1
 Searing Ray              Conj           70%          1%          2
 Conjure Flame            Conj/Fire      40%          1%          3
 Dazzling Flash           Conj/Hex       58%          1%          3
 Static Discharge         Conj/Air       25%          1%          3
 Sticky Flame             Conj/Fire      40%          1%          4
 Call Imp                 Summ           16%          2%          2
 Swiftness                Air            15%          2%          2
 Summon Guardian Golem    Hex/Summ       19%          2%          3
 Fulminant Prism          Conj/Hex       14%          3%          4
 Call Canine Familiar     Summ           16%          4%          3
 Iskenderun's Mystic Bla  Conj/Tloc      26%          4%          4
 Iskenderun's Battlesphe  Conj           35%          4%          5
 Airstrike                Air            7%           16%         4
 Summon Lightning Spire   Summ/Air       15%          16%         4
 Summon Ice Beast         Ice/Summ       11%          22%         4
 Iron Shot                Conj/Erth      12%          56%         6
 Orb of Destruction       Conj           17%          75%         7
 Spellforged Servitor     Conj/Summ      13%          98%         7


Dungeon Overview and Level Annotations

Branches:
Dungeon (9/15)             Temple (1/1) D:7            Lair (1/6) D:8
    Orc (0/2) D:9           Sewer (visited)

Altars:
Ashenzari
Cheibriados
Dithmenos
Elyvilon
Fedhas
Gozag
Hepliaklqana
Kikubaaqudgha
Makhleb
Nemelex Xobeh
Okawaru
Qazlal
Ru
Sif Muna
Trog
Uskayaw
Vehumet
Wu Jian
Xom
Yredelemnul
Zin
The Shining One

Shops:
D:2 *   D:4 !}:*   D:5 (   D:9 **[}

Annotations:
D:7 3 runed translucent doors, Nebesus's ghost, novice TeAE; inc's ghost, amateur FeSu; kilomeow's ghost, novice GnWr


Innate Abilities, Weirdness & Mutations

You can breathe blasts of fire.
Your fiery red scales are hard. (AC +7)
You cannot fit into any form of body armour.
Your flesh is heat resistant. (rF+)
You are cold-blooded and may be slowed by cold attacks.


Message History

* * * LOW HITPOINT WARNING * * *
The six-headed hydra bites you.
* * * LOW HITPOINT WARNING * * *
The six-headed hydra bites you!
* * * LOW HITPOINT WARNING * * *
The six-headed hydra barely misses you.
Casting: Bolt of Magma (dangerous; 6% risk of failure)
Confirm with . or Enter, or press ? or * to list all spells.
Aiming: Bolt of Magma (dangerous; 6% risk of failure)
Press: ? - help, Shift-Dir - straight line, f/p - six-headed hydra
Aim: a six-headed hydra (severely wounded, lightly drained, 11% to evade)
The bolt of magma hits the six-headed hydra!
The six-headed hydra is almost dead.
You have got your breath back.
The six-headed hydra bites you but does no damage. x2
The six-headed hydra bites you.
* * * LOW HITPOINT WARNING * * *
The six-headed hydra bites you but does no damage.
The six-headed hydra bites you!
You die...

#.....######.[/...##[.#......#
#.....# #.|!...###.).)(...#
####### #.[...## ##...<...####
#.....# #..........# ##....#
#........... #..#.##
#....[...)## #..#.°#
#..........# ##..##D#
#........... #..###@#
#.......)... #..# ###
#.....#..... ##.##
#...####.... #..# #..## ###..
# #..# ### #..# ##... # ##.##
###.# #..# ##.... # #..#
##...###..# #..... ##
#.#####...###...# ##.(.. .###
##.###....## #..## ###..


You could see a six-headed hydra (drained).

Vanquished Creatures
  Harold (D:8)
  A two-headed ogre (D:9)
  Prince Ribbit (D:8)
  A slime creature (D:8)
  Sigmund (D:3)
  A wraith (D:8)
  A wyvern (D:8)
  12 yaks
  Edmund (D:4)
  A water moccasin (Lair:1)
  An orc warrior (D:9)
  3 sky beasts
  5 ice beasts
  3 phantoms
  5 ogres
  3 centaurs
  3 big kobolds (Sewer)
  5 bullfrogs
  A gnoll sergeant (D:8)
  A water moccasin skeleton (D:7)
  A scorpion (D:5)
  A howler monkey (D:7)
  9 wights
  4 orc priests
  4 hounds
  7 orc wizards
  A centaur skeleton (D:4)
  Jessica (D:2)
  4 iguanas
  4 worker ants
  2 hound skeletons
  A worker ant zombie (D:5)
  7 gnolls
  23 adders
  4 river rats
  3 shadow imps
  A white imp (D:7)
  An ufetubus (D:8)
  4 oozes
  An adder zombie (D:7)
  2 adder skeletons
  8 worms
  2 dart slugs
  2 leopard geckos
  40 orcs
  5 ball pythons
  8 bats
  4 giant cockroaches
  7 goblins
  4 hobgoblins
  4 jackals
  4 quokkas
  4 frilled lizards
  A jackal skeleton (D:6)
  11 kobolds
  9 rats
  A spectral orc (D:9)
250 creatures vanquished.

Vanquished Creatures (others)
  1199 foxfires
1199 creatures vanquished.

Grand Total: 1449 creatures vanquished

Notes
Turn   | Place    | Note
-------+----------+-------------------------------------------
     0 | D:1      | funkygono the Draconian Fire Elementalist began the quest
                  | for the Orb.
     0 | D:1      | Reached XP level 1. HP: 14/14 MP: 3/3
    81 | D:1      | Reached XP level 2. HP: 20/20 MP: 0/5
   835 | D:1      | Reached XP level 3. HP: 25/26 MP: 2/6
  1586 | D:2      | Reached XP level 4. HP: 33/33 MP: 3/8
  1666 | D:2      | Learned a level 3 spell: Inner Flame
  1723 | D:2      | Noticed Jessica
  1736 | D:2      | Killed Jessica
  1906 | D:2      | Found a sparkling altar of Nemelex Xobeh.
  2010 | D:2      | Found Zin's Purification Station.
  2012 | D:2      | Found a glowing silver altar of Zin.
  2358 | D:3      | Reached XP level 5. HP: 20/38 MP: 0/10
  2503 | D:3      | Reached skill level 4 in Fire Magic
  2690 | D:3      | Found a glowing drain.
  2717 | Sewer    | Entered a sewer
  3093 | Sewer    | Reached XP level 6. HP: 45/45 MP: 4/12
  3103 | Sewer    | Learned a level 5 spell: Fireball
  4150 | D:3      | Your scales start taking on a fiery red colour.
  4150 | D:3      | Reached skill level 5 in Fire Magic
  4150 | D:3      | Reached XP level 7. HP: 16/50 MP: 0/13
  4150 | D:3      | Gained mutation: Your flesh is heat resistant. (rF+) [Red
                  | Draconian growth]
  4453 | D:3      | Found a bloodstained altar of Trog.
  4467 | D:3      | Noticed Sigmund
  4477 | D:3      | Killed Sigmund
  4478 | D:3      | Reached skill level 6 in Fire Magic
  4527 | D:3      | Reached skill level 1 in Hexes
  5083 | D:3      | Found a glowing golden altar of the Shining One.
  5392 | D:3      | Reached skill level 5 in Conjurations
  5392 | D:3      | Reached skill level 8 in Fire Magic
  5392 | D:3      | Reached XP level 8. HP: 62/62 MP: 14/17
  5493 | D:4      | Noticed Edmund
  5499 | D:4      | Found a hazy altar of Hepliaklqana.
  5684 | D:4      | Killed Edmund
  5995 | D:4      | Found Xivvi's General Store.
  6009 | D:4      | Found a shimmering altar of Xom.
  6046 | D:4      | Found a burning altar of Makhleb.
  6048 | D:4      | Found a white marble altar of Elyvilon.
  6252 | D:4      | Found Nuaw's Gadget Shoppe.
  6496 | D:4      | Found Keyliaf's Distillery.
  6575 | D:4      | Found Fusuixodd's Book Shoppe.
  6699 | D:5      | Entered Level 5 of the Dungeon
  6714 | D:5      | Reached XP level 9. HP: 68/68 MP: 14/18
  6942 | D:5      | Found Ovufizez's Weapon Emporium.
  7212 | D:5      | Found a blossoming altar of Fedhas.
  7404 | D:5      | Found a hide-covered altar of Uskayaw.
  7949 | D:6      | Reached skill level 9 in Fire Magic
 10122 | D:7      | Found a runed translucent gate.
 10122 | D:7      | Found a runed translucent gate.
 10122 | D:7      | Found a runed translucent gate.
 10122 | D:7      | Noticed inc's ghost (amateur FeSu)
 10123 | D:7      | Noticed Nebesus's ghost (novice TeAE)
 10126 | D:7      | Noticed kilomeow's ghost (novice GnWr)
 10173 | D:7      | Found a staircase to the Ecumenical Temple.
 10186 | Temple   | Entered the Ecumenical Temple
 10744 | D:7      | Found a shimmering blue altar of Sif Muna.
 11018 | D:7      | Reached XP level 10. HP: 75/75 MP: 16/20
 11350 | D:8      | Noticed Harold
 11366 | D:8      | Killed Harold
 11744 | D:8      | Noticed Prince Ribbit
 11750 | D:8      | Killed Prince Ribbit
 12661 | D:8      | Found a staircase to the Lair.
 13004 | D:8      | Identified a scroll of acquirement
 13004 | D:8      | Acquired 1020 gold pieces
 13107 | D:4      | Bought a book of Conjurations for 330 gold pieces
 13107 | D:4      | Bought a book of Air for 385 gold pieces
 13109 | D:4      | Bought a book of Power for 495 gold pieces
 13116 | D:4      | Learned a level 5 spell: Bolt of Magma
 13118 | D:4      | Learned a level 1 spell: Shock
 13124 | D:4      | Learned a level 5 spell: Lightning Bolt
 13597 | D:9      | Found Memyul's Antique Armour Shop.
 13616 | D:9      | Found Sadehodd's Gadget Shop.
 13658 | D:9      | Noticed a two-headed ogre
 13662 | D:9      | Reached skill level 1 in Air Magic
 13662 | D:9      | Found a staircase to the Orcish Mines.
 13839 | D:9      | Found Zyneemin's General Store.
 13946 | D:9      | Killed a two-headed ogre
 13947 | D:9      | Reached skill level 10 in Fire Magic
 13947 | D:9      | Reached skill level 1 in Earth Magic
 14103 | D:9      | Found Toloilai's General Store.
 14154 | D:9      | Found a basalt altar of Yredelemnul.
 14226 | D:9      | Found a radiant altar of Vehumet.
 14608 | D:9      | Became a worshipper of Vehumet
 15061 | Lair:1   | Entered Level 1 of the Lair of Beasts
 15069 | D:8      | Reached XP level 11. HP: 82/82 MP: 19/23
 15391 | Lair:1   | Noticed a six-headed hydra
 15434 | D:8      | HP: 4/82 [six-headed hydra (3)]
 15434 | D:8      | Mangled by a six-headed hydra

Illustrated notes

Levels and vault maps discovered:
D:1:      tarquinn_simple_flora_water_e, layout_basic
D:2:      layout_loops_ring, nemelex_xobeh_ov_fountains_minmay, zin_purify,
          uniq_jessica
D:3:      layout_loops_ring, lemuel_doored_altar, tso_oasis_becter,
          lightli_sewer_entry_pipes, uniq_sigmund
D:4:      layout_loops_ring, lemuel_crystal_altar, grunt_temple_overflow_open,
          serial_shops, nicolae_shop_statue_plus, shop, nicolae_shop_crystal,
          kennysheep_mini_moat, lightli_corner_chamber, uniq_edmund
D:5:      layout_loops_ring, nicolae_overflow_hidden_temple, serial_shops,
          shop_fountains, fedhas_altar_4
D:6:      layout_basic
D:7:      layout_cave_pools, lemuel_crystal_altar,
          minmay_temple_entry_crystal_x, gammafunk_ghost_cemetery,
          serial_co_window_serial, co_window_paths_b, co_window_corner_a,
          co_window_corner_a, co_window_paths_b, co_window_corner_a,
          co_window_broadway_c, co_window_corner_cb, co_window_broadway_c,
          co_window_broadway_c, co_window_paths_e, minmay_misc_feat_columns,
          kennysheep_generic_room_11
D:8:      layout_cave_pods, lair_entry_dummy, chequers_serial_rivers_large_a,
          kb_rosetta, uniq_prince_ribbit1, uniq_harold
D:9:      layout_loops_ring, yredelemnul_forgotten_temple_becter,
          lemuel_round_altar, david_orc_2, serial_shops, nicolae_shop_crystal,
          nicolae_shop_trees, shop, shop_fountains,
          chequers_serial_rivers_small_3
Temple:   jpeg_temple_alley_garden
Lair:1:   layout_cave_pods, grunt_megastairs_3

Skill      XL: |  1  2  3  4  5  6  7  8  9 10 11 |
---------------+----------------------------------+-----
Dodging        | 2 4 |  4.7
Spellcasting   | 3 4 6 7 8 |  8.5
Conjurations   | 2 3 5 6 7 |  7.8
Fire Magic     | 4 5 8 9 10 | 10.4
Stealth        | 2 3 |  3.5
Hexes          | 2 3 4 |  4.3
Fighting       | 2 3 |  3.0
Maces & Flails | 2 |  2.5
Summonings     | 2 |  2.3
Necromancy     | 2 |  2.3
Translocations | 2 |  2.3
Transmutations | 2 |  2.3
Poison Magic   | 2 |  2.3
Invocations    | 2 |  2.6
Evocations     | 2 |  2.3
Air Magic      | 1 2 |  2.0
Earth Magic    | 1 2 |  2.0

Action                   |  1- 3 |  4- 6 |  7- 9 | 10-12 || total
-------------------------+-------+-------+-------+-------++-------
Melee: Whip              |     4 |     5 |    45 |    20 ||    74
       Tailslap          |       |       |     7 |     1 ||     8
 Cast: Foxfire           |    54 |   153 |   317 |   223 ||   747
       Inner Flame       |       |       |     8 |     2 ||    10
       Fireball          |       |       |     7 |     1 ||     8
       Bolt of Magma     |       |       |       |    14 ||    14
 Abil: Breathe Fire      |       |       |     3 |     7 ||    10
  Use: Scroll            |     6 |     6 |     8 |     9 ||    29
       Potion            |       |       |     1 |     4 ||     5
Armor: Skin              |     3 |    20 |    25 |    48 ||    96
Dodge: Dodged            |    15 |    70 |    66 |   105 ||   256
